 Dungeon Crawl Stone Soup version 0.18-a0-1164-g7046a04 (webtiles) character file.

701 st0uf the Shield-Bearer (level 7, -6/61 HPs)
             Began as a Minotaur Fighter on Jan 25, 2016.
             Mangled by an orc warrior
             ... wielding a +0 dire flail
              (20 damage)
             ... on level 5 of the Dungeon.
             The game lasted 00:08:40 (1811 turns).

st0uf the Shield-Bearer (Minotaur Fighter)          Turns: 1811, Time: 00:08:40

Health: -6/61      AC:  7    Str: 21    XL:     7   Next: 38%
Magic:  6/6        EV:  9    Int:  5    God:
Gold:   94         SH: 10    Dex: 11    Spells: 0 memorised, 6 levels left

rFire  . . .     SeeInvis .     a - +0 long sword
rCold  . . .     Gourm    .     b - +0 scale mail
rNeg   . . .     Faith    .     c - +0 shield
rPois  .         Spirit   .     (helmet restricted)
rElec  .         Dismiss  .     (no cloak)
rCorr  +         Reflect  .     (no gloves)
SustAt .         Harm     .     (no boots)
MR     .....                    (no amulet)
Stlth  ..........               (no ring)
                                i - ring of resist corrosion

@: not resistant to hostile enchantments, extremely unstealthy
A: retaliatory headbutt, horns 2
a: no special abilities


You were on level 5 of the Dungeon.
You were not hungry.

You visited 1 branch of the dungeon, and saw 6 of its levels.

You collected 94 gold pieces.

Inventory:

Hand Weapons
 a - a +0 long sword (weapon)
 r - a cursed +0 shortbow
Missiles
 l - 21 arrows of dispersal
 s - 21 arrows
Armour
 b - a +0 scale mail (worn)
 c - a +0 shield (worn)
Jewellery
 i - a ring of resist corrosion (left hand)
Scrolls
 e - a scroll of noise {unknown}
 h - 3 scrolls of remove curse {unknown}
 k - 2 scrolls of enchant weapon {unknown}
 m - 2 scrolls of enchant armour {unknown}
Potions
 d - a potion of might
 j - 2 potions of flight {unknown}
 n - a potion of poison {unknown}
 o - 2 potions of brilliance {unknown}
 q - a potion of invisibility {unknown}
Comestibles
 f - 2 bread rations
 g - a beef jerky
 p - a slice of pizza
 t - 9 chunks of flesh
 u - 3 fruits


   Skills:
 + Level 5.0 Fighting
 + Level 5.2 Long Blades
 + Level 5.9 Armour
 + Level 3.3 Dodging
 + Level 6.0 Shields


You had 6 spell levels left.
You didn't know any spells.

Dungeon Overview and Level Annotations

Branches:
Dungeon (6/15)
 Temple: D:4-7

Altars:
Elyvilon
Fedhas
Gozag
Kikubaaqudgha
Makhleb
Trog


Innate Abilities, Weirdness & Mutations

You reflexively headbutt those who attack you in melee.
You have a pair of horns on your head.


Message History

You closely miss the orc warrior.
The orc warrior is moderately wounded.
The orc warrior hits you with a dire flail! x2
You hit the orc warrior but do no damage.
The orc warrior is moderately wounded.
You block the orc warrior's attack.
You barely miss the orc warrior.
The orc warrior is moderately wounded.
The orc warrior hits you with a dire flail!
* * * LOW HITPOINT WARNING * * *
You are too injured to fight recklessly!
You are too injured to fight recklessly!
You are too injured to fight recklessly!
You hit the orc warrior.
The orc warrior is moderately wounded.
You block the orc warrior's attack.
You closely miss the orc warrior.
The orc warrior is moderately wounded.
The orc warrior hits you with a dire flail!!
You die...

#.# #.# #.#
#.# #.#
##># #.#
#..# #o#
#.## #.#
#.# #.# #.#
#o# #.#
##.## #@#
##...###o#
##.###.##.#
##.##
##.#.#
#######.##
##..#
........#
#..#
##.####.##
##.## ##.#
###.##
##.## ##.#
#....###.##


You could see an orc warrior.

Vanquished Creatures
  A centaur (D:5)
  A wyvern zombie (D:5)
  A scorpion (D:5)
  A giant frog zombie (D:5)
  3 crimson imps (D:5)
  A hound (D:5)
  A jelly (D:5)
  2 orc wizards (D:5)
  An orc priest (D:5)
  An iguana (D:5)
  4 worker ants
  3 adders (D:5)
  An ooze (D:2)
  An adder zombie (D:5)
  An adder skeleton (D:5)
  A worm (D:2)
  3 giant geckos
  9 orcs (D:5)
  4 bats (D:1)
  5 giant cockroaches
  3 goblins (D:1)
  2 hobgoblins (D:1)
  6 jackals (D:1)
  2 kobolds (D:1)
  A quokka (D:2)
  3 giant newts
  5 rats
67 creatures vanquished.

Notes
Turn   | Place    | Note
--------------------------------------------------------------
     0 | D:1      | st0uf the Minotaur Fighter began the quest for the Orb.
     0 | D:1      | Reached XP level 1. HP: 19/19 MP: 0/0
    81 | D:1      | Reached skill level 4 in Shields
    81 | D:1      | Reached XP level 2. HP: 25/27 MP: 1/1
   286 | D:1      | Reached XP level 3. HP: 33/33 MP: 2/2
   503 | D:4      | Reached XP level 4. HP: 35/40 MP: 3/3
   505 | D:4      | Reached skill level 1 in Dodging
   516 | D:5      | Entered Level 5 of the Dungeon
   557 | D:5      | Reached skill level 5 in Shields
   557 | D:5      | Reached XP level 5. HP: 34/46 MP: 4/4
   691 | D:5      | Reached skill level 5 in Armour
   762 | D:5      | Reached XP level 6. HP: 51/53 MP: 5/5
   785 | D:5      | Found a bloodstained altar of Trog.
   898 | D:5      | Found a white marble altar of Elyvilon.
   943 | D:5      | Found a burning altar of Makhleb.
  1053 | D:5      | Found a blossoming altar of Fedhas.
  1333 | D:5      | Found an ancient bone altar of Kikubaaqudgha.
  1334 | D:5      | Found an opulent altar of Gozag.
  1411 | D:5      | Reached XP level 7. HP: 36/60 MP: 6/6
  1641 | D:5      | Reached skill level 6 in Shields
  1648 | D:5      | Reached skill level 5 in Long Blades
  1650 | D:5      | Reached skill level 5 in Fighting
  1811 | D:5      | Mangled by an orc warrior

Vault maps used:
D:1:      dpeg_arrival_court
D:2:      cheibriados_altar_1, lemuel_round_altar, first_bread
D:3:      grunt_ministairs_14
D:4:      minmay_temple_entry_glass
D:5:      fedhas_bush_and_centaur_altar, nicolae_overflow_crystal_walls,
          lemuel_doored_altar, nicolae_overflow_hidden_temple

Action                   |  1- 3 |  4- 6 |  7- 9 || total
-------------------------+-------+-------+-------++-------
Melee: Long sword        |    70 |   105 |    49 ||   224
  Eat: Chunk             |       |     2 |     1 ||     3
